 Dungeon Crawl Stone Soup version 0.27.0-1-g7a089689b8 (webtiles) character file.

Game seed: 2298185168985697418

1 ZARRMARR the Sneak (level 1, -1/10 HPs)
             Began as a Kobold Enchanter on Aug 14, 2021.
             Slain by a kobold (4 damage)
             ... on level 1 of the Dungeon.
             The game lasted 00:00:54 (18 turns).

ZARRMARR the Sneak (Kobold Enchanter)                 Turns: 18, Time: 00:00:55

Health: -1/10      AC:  2    Str:  5    XL:     1   Next: 22%
Magic:  2/3        EV: 15    Int: 16    God:
Gold:   0          SH:  0    Dex: 15    Spells: 3/4 levels left

rFire    . . .     SeeInvis .   a - +1 dagger
rCold    . . .     Faith    .   (shield restricted)
rNeg     . . .     Spirit   .   b - +0 robe
rPois    .         Reflect  .   (no helmet)
rElec    .         Harm     .   (no cloak)
rCorr    .         Rampage  .   (no gloves)
Will     .....                  (no boots)
Stlth    ++++......             (no amulet)
HPRegen  0.03/turn              (no ring)
MPRegen  0.08/turn              (no ring)

@: no status effects
A: small, no large weapons, nightstalker 3
a: no special abilities


You were on level 1 of the Dungeon.
You visited 1 branch of the dungeon, and saw 1 of its levels.

Inventory:

Hand Weapons
 a - a +1 dagger (weapon)
Armour
 b - a +0 robe (worn)


   Skills:
 + Level 1.3 Short Blades
 + Level 2.4 Dodging
 + Level 4.0 Stealth
 + Level 2.1 Spellcasting
 + Level 3.1 Hexes


You had 3 spell levels left.
You knew the following spells:

 Your Spells              Type           Power      Damage    Failure   Level
a - Corona                Hex            12%        N/A       6%          1

Your spell library contained the following spells:

 Spells                   Type           Power      Damage    Failure   Level
 Ensorcelled Hibernation  Hex/Ice        12%        N/A       16%         2
 Confusing Touch          Hex            11%        N/A       17%         3
 Tukima's Dance           Hex            11%        N/A       17%         3
 Dazzling Flash           Conj/Hex       12%        N/A       32%         3


Dungeon Overview and Level Annotations

Branches:
Dungeon (1/15)

Altars:


Innate Abilities, Weirdness & Mutations

You are small and have problems with some larger weapons.
You are completely attuned to the shadows.


Message History

Welcome, ZARRMARR the Kobold Enchanter.
The bosom of this dungeon contains the awesome artefact, the Orb of Zot.
Press ? for a list of commands and other information.
Found a staircase leading out of the dungeon.
Okay, then.
You open the large door.
There is a large open door here.
You open the large door.
There is a large open door here.
You open the large door.
A goblin and a dart slug come into view.
The goblin shouts!
You hear a shout!
Aiming: Corona (safe; 6% risk of failure)
Press: ? - help, Q - select action Shift-Dir - straight line, f - goblin
Aim: a goblin, wielding a +0 dagger (chance to affect: 64%)
The goblin is outlined in light.
Aiming: Corona (safe; 6% risk of failure)
Press: ? - help, Q - select action Shift-Dir - straight line, f/p - goblin
Aim: a goblin, wielding a +0 dagger (softly glowing, chance to affect: 64%)
Okay, then.
The goblin hits you with a +0 dagger.
A kobold comes into view. It is wielding a +0 short sword.
There is a large open door here.
You hit the goblin.
You kill the goblin!
You hit the dart slug.
The dart slug is lightly wounded.
The dart slug bites you.
You hit the dart slug but do no damage.
The dart slug is lightly wounded.
The kobold barely misses you. The dart slug completely misses you.
You hit the dart slug but do no damage.
The dart slug is lightly wounded.
The kobold misses you.
You hit the dart slug.
The dart slug is heavily wounded.
The dart slug bites you.
* * * LOW HITPOINT WARNING * * *
The kobold hits you with a +0 short sword.
You die...

#<.#
###''###
#...§§.#
#.≈≈≈≈.#
#.§≈≈≈.#
#......#
###''###
#..# #w@#
...K.)...
....##...
....# ###
....


You could see a dart slug and a kobold.

Vanquished Creatures
  A goblin (D:1)
1 creature vanquished.

Notes
Turn   | Place    | Note
-------+----------+-------------------------------------------
     0 | D:1      | ZARRMARR the Kobold Enchanter began the quest for the Orb.
     0 | D:1      | Reached XP level 1. HP: 10/10 MP: 3/3
    18 | D:1      | Slain by a kobold

Illustrated notes

Levels and vault maps discovered:
D:1:      lightli_arrival_lavapool, layout_rooms,
          hellmonk_ecumenical_altar_defaced_shrine, hangedman_decor_lopped,
          st_stairs_8, supply_closet_lemuel, minmay_pentomino_w4

Action                   || total
-------------------------++-------
Melee: Dagger            ||     5
 Cast: Corona            ||     1
Dodge: Dodged            ||     3
